 Dungeon Crawl Stone Soup version 0.28-a0-1506-g3893175d92 (webtiles) character file.

Game seed: 14531293190799573970

8817 karrick the Basher (level 11, -5/69 HPs)
             Began as a Gargoyle Fighter on Jan 14, 2022.
             Was a High Priest of Okawaru.
             Killed from afar by a steam dragon (18 damage)
             ... with a ball of steam
             ... on level 7 of the Dungeon.
             The game lasted 00:33:40 (12515 turns).

karrick the Basher (Gargoyle Fighter)              Turns: 12515, Time: 00:33:41

Health: -5/69      AC: 20    Str: 21    XL:     11   Next: 36%
Magic:  11/11      EV: 12    Int:  8    God:    Okawaru [*****.]
Gold:   65         SH:  6    Dex: 19    Spells: 10/10 levels left

rFire   . . .      SeeInvis .   d - +3 flail (vorpal)
rCold   . . .      Faith    .   c - +0 buckler
rNeg    + . .      Spirit   .   b - +0 scale mail
rPois   ∞          Reflect  .   m - +0 helmet
rElec   +          Harm     .   (no cloak)
rCorr   .          Rampage  .   v - +1 pair of gloves
Will    .....                   (no boots)
Stlth   +.........              (no amulet)
HPRegen 0.21/turn               r - +6 ring of dexterity
MPRegen 0.12/turn               p - ring of flight

@: flying, hasted, studying Fighting, very quick
A: sickness immunity, AC +8, negative energy resistance 1, electricity
resistance, torment resistance 1, petrification resistance
a: Renounce Religion, Heroism, Finesse, Duel


You were on level 7 of the Dungeon.
You worshipped Okawaru.
Okawaru was extremely pleased with you.
You visited 2 branches of the dungeon, and saw 10 of its levels.
You also visited: Ossuary and Bailey.

You collected 359 gold pieces.
You spent 294 gold pieces at shops.

Inventory:

Hand Weapons
 a - a +0 flail
 d - a +3 vorpal flail (weapon)
 j - a +3 hand axe
 x - a +0 vampiric battleaxe
 D - the +7 rapier of the End of Times {protect, SInv}
   (You found it on level 7 of the Dungeon)

   It grants its wielder temporary protection when it strikes (+7 to AC).
   SInv:      It lets you see invisible.
 F - a +3 morningstar
Missiles
 l - 17 javelins
 n - 2 silver boomerangs (quivered)
 y - 2 throwing nets
 G - 2 silver javelins
Armour
 b - a +0 scale mail (worn)
 c - a +0 buckler (worn)
 m - a +0 helmet (worn)
 v - a +1 pair of gloves (worn)
Jewellery
 p - a ring of flight (right hand)
 r - a +6 ring of dexterity (left hand)
Scrolls
 f - 7 scrolls of enchant weapon
 g - 5 scrolls of amnesia
 h - a scroll of vulnerability
 k - a scroll of identify
 t - 2 scrolls of fog
 u - 3 scrolls of immolation
 B - a scroll of enchant armour
Potions
 i - a potion of resistance {unknown}
 o - a potion of curing
 q - 2 potions of flight {unknown}
 w - 2 potions of ambrosia {unknown}
 z - a potion of magic {unknown}
 A - a potion of degeneration {unknown}
 E - 2 potions of lignification {unknown}
Miscellaneous
 C - a tin of tremorstones (1/2)


   Skills:
 + Level 8.9 Fighting
 + Level 11.5 Maces & Flails
 + Level 2.2 Throwing
 + Level 8.5 Armour
 + Level 3.8 Dodging
 + Level 2.4 Stealth
 + Level 7.7 Shields
 + Level 1.0 Invocations


You had 10 spell levels left.
You didn't know any spells.
Your spell library contained the following spells:

 Spells                   Type           Power      Damage    Failure   Level
 Magic Dart               Conj           0%         1d3       78%         1
 Blink                    Tloc           0%         N/A       89%         2
 Scorch                   Fire           0%         2d5       89%         2
 Static Discharge         Conj/Air       0%         N/A       89%         2
 Dazzling Flash           Conj/Hex       0%         N/A       98%         3
 Lesser Beckoning         Tloc           0%         N/A       98%         3
 Mephitic Cloud           Conj/Pois/Air  0%         N/A       98%         3
 Flame Wave               Conj/Fire      0%         2d4       100%        4
 Iskenderun's Mystic Bla  Conj/Tloc      0%         2d3       100%        4
 Lightning Bolt           Conj/Air       0%         1d11      100%        5
 Manifold Assault         Tloc           0%         N/A       100%        5
 Starburst                Conj/Fire      0%         6d3       100%        6
 Maxwell's Capacitive Co  Air            0%         ∞         100%        8
 Call Imp                 Summ           Unusable   N/A       N/A         2
 Summon Cactus Giant      Summ           Unusable   N/A       N/A         6

Dungeon Overview and Level Annotations

Branches:
Dungeon (9/15)             Temple (1/1) D:6            Lair (0/6) D:8
Ossuary (visited)          Bailey (visited)
    Orc: D:9-12

Altars:
Ashenzari
Cheibriados
Dithmenos
Elyvilon
Fedhas
Gozag
Hepliaklqana
Kikubaaqudgha
Makhleb
Nemelex Xobeh
Okawaru
Qazlal
Ru
Sif Muna
Trog
Uskayaw
Wu Jian
Xom
Yredelemnul
Zin
The Shining One

Shops:
D:5 ?

Annotations:
D:8 Grum
D:9 Gastronok, Maurice


Innate Abilities, Weirdness & Mutations

You are immune to sickness and miasma.
Your stone body is resilient. (AC +8)
You are immune to poison.
You resist negative energy. (rN+)
You are resistant to electric shocks. (rElec)
You are resistant to unholy torment.
You are immune to petrification.


Message History

The steam dragon barely misses you. You block the steam dragon's attack.
You are too injured to fight recklessly!
You are too injured to fight recklessly!
You sock the steam dragon!
The steam dragon is moderately wounded.
You are engulfed in a cloud of scalding steam.
The steam dragon bites you! The steam dragon barely misses you.
As you read the scroll of teleportation, it crumbles to dust.
You feel strangely unstable.
You are engulfed in a cloud of scalding steam.
* * * LOW HITPOINT WARNING * * *
The steam dragon breathes steam at you. The ball of steam hits you.
* * * LOW HITPOINT WARNING * * *
You feel better.
You are engulfed in a cloud of scalding steam.
The steam dragon barely misses you. The steam dragon closely misses you.
You feel better. You block the steam dragon's attack. x2
Your surroundings suddenly seem different.
The orc warrior shouts!
The steam dragon hisses angrily.
As you read the scroll of fog, it crumbles to dust.
The scroll dissolves into smoke.
The orc warrior hits you from afar with a +0 trident!
The steam dragon misses you. x2; You block the orc warrior's attack.
The orc warrior hits you but does no damage.
You block the orc warrior's attack. The steam dragon breathes steam at you.
The ball of steam hits you!
* * * LOW HITPOINT WARNING * * *
You block the orc warrior's attack. The steam dragon breathes steam at you.
The ball of steam hits you but does no damage.
You block the orc warrior's attack.
Okay, then.
Okay, then.
You feel yourself speed up.
The orc warrior hits you but does no damage.
The steam dragon breathes steam at you. The ball of steam hits you!!
You die...

###..#####..D##.
#..
#.........>....
..
#..##.#####.###.
#.###..###'# #.#
#. .....#.....
#.# #.
#....§.§.... #.#
#. #....§.§.....
### #.
####§§..§§§#....
..
#§§§§.@§§§.#.###
#. #§§§oD..§.§#
.. #§§§§.§§...#
#§§§§§..§§§#
#.§§§§.....#
#....#######
######


You could see a steam dragon (catching breath) and an orc warrior.

Vanquished Creatures
  2 two-headed ogres
  A deep elf pyromancer (D:7)
  A cyclops (D:7)
  A troll (D:7)
  Prince Ribbit (D:9)
  11 yaks
  A wyvern (D:9)
  A steam dragon (D:7)
  2 water moccasins
  2 ice beasts
  2 sky beasts
  11 orc warriors
  2 wolves (D:8)
  10 centaurs
  2 phantoms (D:7)
  2 gnoll sergeants
  2 wyvern zombies (D:7)
  2 scorpions
  A water moccasin skeleton (D:6)
  5 killer bees (D:8)
  2 vampire bats (D:6)
  2 wights (D:8)
  A howler monkey (D:6)
  3 centaur zombies
  3 jellies
  A gnoll shaman (D:4)
  A centaur skeleton (D:7)
  2 orc priests
  4 iguanas
  6 orc wizards
  13 mummies
  13 gnolls
  A howler monkey skeleton (D:5)
  3 adders
  A shadow imp (D:6)
  A white imp (D:4)
  3 ufetubi
  An adder skeleton (D:4)
  3 worms (D:2)
  4 dart slugs
  46 orcs
  3 endoplasms
  4 giant cockroaches
  7 goblins
  6 hobgoblins
  2 jackals (D:2)
  5 kobolds
  3 quokkas
  5 ball pythons
  12 bats
  5 frilled lizards
  A gnoll skeleton (Ossuary)
  3 goblin skeletons (Ossuary)
  A hobgoblin zombie (D:8)
  3 kobold skeletons (Ossuary)
  A kobold zombie (D:8)
  An orc skeleton (Ossuary)
  5 rats
  11 rat skeletons (Ossuary)
254 creatures vanquished.

Vanquished Creatures (others)
  An orc wizard (D:4)
  A plant (D:3)
2 creatures vanquished.

Grand Total: 256 creatures vanquished

Notes
Turn   | Place    | Note
-------+----------+-------------------------------------------
     0 | D:1      | karrick the Gargoyle Fighter began the quest for the Orb.
     0 | D:1      | Reached XP level 1. HP: 14/14 MP: 1/1
   147 | D:1      | Reached XP level 2. HP: 17/19 MP: 2/2
   850 | D:1      | Reached XP level 3. HP: 11/23 MP: 3/3
  1022 | D:1      | Found a faded altar of an unknown god.
  2211 | D:3      | Reached XP level 4. HP: 24/29 MP: 4/4
  2441 | D:3      | Noticed an ice beast
  2454 | D:3      | Killed an ice beast
  2455 | D:3      | Reached skill level 3 in Maces & Flails
  2455 | D:3      | Reached skill level 1 in Dodging
  2455 | D:3      | Reached XP level 5. HP: 6/33 MP: 5/5
  3082 | D:4      | Reached skill level 4 in Maces & Flails
  3261 | D:4      | Reached XP level 6. HP: 16/38 MP: 6/6
  3626 | D:5      | Entered Level 5 of the Dungeon
  3948 | D:5      | Noticed a sky beast
  4063 | D:5      | Found a hazy altar of Hepliaklqana.
  4096 | D:5      | Found Akiall's Magic Scroll Emporium.
  4206 | D:4      | Found a glowing silver altar of Zin.
  4206 | D:4      | Found a hide-covered altar of Uskayaw.
  4268 | D:4      | Reached XP level 7. HP: 35/44 MP: 7/7
  4502 | D:3      | Reached skill level 5 in Maces & Flails
  5272 | D:5      | Reached skill level 5 in Armour
  5423 | D:5      | Reached skill level 1 in Stealth
  5713 | D:5      | Reached skill level 6 in Maces & Flails
  5716 | D:5      | Reached skill level 5 in Fighting
  5721 | D:5      | Reached XP level 8. HP: 27/49 MP: 8/8
  5996 | D:6      | Noticed a two-headed ogre
  6166 | D:6      | Found a staircase to the Ecumenical Temple.
  6196 | Temple   | Entered the Ecumenical Temple
  6381 | Temple   | Became a worshipper of Warmaster Okawaru
  6434 | D:6      | Noticed a yak
  6928 | D:5      | Bought a scroll of enchant weapon for 105 gold pieces
  6928 | D:5      | Bought a scroll of enchant armour for 105 gold pieces
  7118 | D:6      | Noticed a yak
  7232 | D:7      | Reached skill level 7 in Maces & Flails
  7264 | D:8      | Reached * piety under Okawaru
  7272 | D:8      | Found a staircase to the Lair.
  7273 | D:8      | Noticed a death yak
  7273 | D:8      | Noticed a death yak
  7289 | D:8      | Noticed Grum
  7307 | D:8      | Reached skill level 5 in Shields
  7307 | D:8      | Reached XP level 9. HP: 22/55 MP: 9/9
  7334 | D:8      | Found a sand-covered staircase.
  7487 | Ossuary  | Entered an ossuary
  7972 | Ossuary  | Reached skill level 8 in Maces & Flails
  8087 | D:9      | Noticed Gastronok
  8129 | D:8      | Reached ** piety under Okawaru
  8304 | D:9      | Noticed Prince Ribbit
  8322 | D:9      | Killed Prince Ribbit
  8398 | D:9      | Reached skill level 9 in Maces & Flails
  8462 | D:9      | Reached *** piety under Okawaru
  8481 | D:9      | Reached XP level 10. HP: 21/61 MP: 7/10
  8521 | D:9      | Found a flagged portal.
  8546 | D:9      | Noticed Maurice
  8563 | Bailey   | Entered a bailey
  9360 | Bailey   | Reached skill level 10 in Maces & Flails
  9558 | Bailey   | Reached **** piety under Okawaru
 10856 | D:7      | Noticed a boulder beetle
 11128 | D:5      | Bought a scroll of teleportation for 42 gold pieces
 11128 | D:5      | Bought a scroll of teleportation for 42 gold pieces
 11320 | D:6      | Killed a two-headed ogre
 11321 | D:6      | Reached skill level 1 in Throwing
 11625 | D:6      | Reached XP level 11. HP: 34/68 MP: 8/11
 11961 | D:7      | Reached ***** piety under Okawaru
 11962 | D:7      | Reached skill level 11 in Maces & Flails
 12310 | D:7      | Noticed a cyclops
 12318 | D:7      | Killed a cyclops
 12321 | D:7      | Identified the +7 rapier of the End of Times {protect,
                  | SInv}
 12343 | D:7      | Noticed a deep elf pyromancer
 12357 | D:7      | Killed a deep elf pyromancer
 12357 | D:7      | Received a gift from Okawaru
 12421 | D:7      | Noticed a two-headed ogre
 12434 | D:7      | Killed a two-headed ogre
 12435 | D:7      | Reached skill level 1 in Invocations
 12515 | D:7      | Killed from afar by a steam dragon

Illustrated notes

Levels and vault maps discovered:
D:1:      dpeg_arrival_water_temple_mockup, layout_rooms,
          shapermc_ecumenical_altar_hornbeckon, minmay_misc_feat_tiny,
          minmay_tromino_v4_c
D:2:      kennysheep_big_flooded_room, layout_loops_corners
D:3:      layout_basic, guppyfry_early_lair_pool
D:4:      layout_rooms, gammafunk_temple_overflow_elements
D:5:      nicolae_cairo_tiling, layout_loops_ring, mainiacjoe_overflow_brackets,
          serial_shops, shop
D:6:      layout_basic, minmay_temple_entry_statues_pillars, roderic_batcave
D:7:      minmay_the_grid_octo_2x2 [minmay_the_grid_octo_pinwheel,
          minmay_the_grid_octo_checkerflower, minmay_the_grid_octo_clover_2,
          minmay_the_grid_octo_prize_single_spiral], layout_basic,
          minmay_quadrilaterals
D:8:      layout_cave_pods, dpeg_lair_monsters, nicolae_ossuary_entry_giza,
          hex_medium, uniq_harold, uniq_grum
D:9:      layout_small_grid, enter_bailey_2, uniq_prince_ribbit1, uniq_maurice,
          uniq_gastronok
Temple:   regret_index_temple_mists

Skill      XL: |  1  2  3  4  5  6  7  8  9 10 11 |
---------------+----------------------------------+-----
Maces & Flails | 3 4 6 7 9 10 11 | 11.5
Armour         | 4 5 6 8 |  8.5
Dodging        | 1 2 3 |  3.8
Shields        | 4 5 7 |  7.7
Fighting       | 4 5 6 7 8 |  8.9
Stealth        | 1 2 |  2.4
Throwing       | 2 |  2.2
Invocations    | 1 |  1.0

Action                   |  1- 3 |  4- 6 |  7- 9 | 10-12 || total
-------------------------+-------+-------+-------+-------++-------
Melee: Flail             |   158 |   151 |   325 |   318 ||   952
Throw: Boomerang         |       |       |       |    29 ||    29
Invok: Heroism           |       |       |     3 |     5 ||     8
Evoke: Tin of tremorston |       |       |       |     1 ||     1
  Use: Potion            |       |     2 |     6 |     6 ||    14
       Scroll            |       |     1 |    15 |     6 ||    22
Armor: Scale mail        |   104 |   103 |   149 |   126 ||   482
Dodge: Dodged            |   105 |    69 |   169 |   172 ||   515
Block: Buckler           |    38 |    36 |    79 |   123 ||   276

Table legend: (Time is in decaauts)
 A = Elapsed time spent in this place.
 B = Non-inter-level travel time spent in this place.
 C = Inter-level travel time spent in this place.
 D = Time resting spent in this place.
 E = Time spent auto-exploring this place.
 F = Levels seen in this place.
 G = Mean time per level.
                   A        B        C        D        E       F      G
               +--------+--------+--------+--------+--------+-----+--------+
         Total |  12650 |  12082 |    568 |   2059 |   6553 |  12 | 1054.2 |
       Dungeon |   9575 |   9069 |    506 |    898 |   5638 |   9 | 1063.9 |
        Temple |    267 |    205 |     62 |      0 |    183 |   1 |  267.0 |
       Ossuary |    550 |    550 |      0 |      0 |    381 |   1 |  550.0 |
        Bailey |   2256 |   2256 |      0 |   1161 |    350 |   1 | 2256.0 |
               +--------+--------+--------+--------+--------+-----+--------+

Top non-repeatable levels by time:
  Bailey: 2256 daAuts
     D:4: 1847 daAuts
     D:5: 1532 daAuts
     D:6: 1448 daAuts
     D:1: 1203 daAuts
     D:2: 1044 daAuts
     D:3: 878 daAuts
     D:7: 854 daAuts
 Ossuary: 550 daAuts
     D:8: 493 daAuts
     D:9: 273 daAuts
  Temple: 267 daAuts
